SNL (28 & UNDER)
KEY WEST BARRACUDAS @ GAINESVILLE GUIDOS
05/23/2029
 
TOP OF THE 1ST
Key West Barracudas batting - Pitching for Gainesville Guidos : RHP Rodney Hall
Pitching: RHP Rodney Hall
Batting: SHB Luis Manuel López 0-0: Called Strike
0-1: Called Strike
0-2: SINGLE (Groundball, 4MD)
Batting: RHB Chris Adams 0-0: Ball
1-0: Ball
2-0: Foul Ball, location: 2F
2-1: Ball
3-1: SINGLE (Groundball, 34S) (infield hit)
Luis Manuel López to second
Batting: SHB José Espinoza 0-0: Called Strike
0-1: Ball
1-1: Called Strike
1-2: Strikes out swinging
Batting: SHB Héctor Jiménez 0-0: Foul Ball, location: 2F
0-1: Ball
1-1: Ball
2-1: Foul Ball, location: 2F
2-2: Strikes out looking
Batting: SHB Júlio Ayala 0-0: Called Strike
0-1: Ball
1-1: Swinging Strike
1-2: Ball
2-2: Strikes out looking
Top of the 1st over - 0 runs, 2 hits, 0 errors, 2 left on base; Key West 0 - Gainesville 0
BOTTOM OF THE 1ST
Gainesville Guidos batting - Pitching for Key West Barracudas : RHP Kade Coleman
Pitching: RHP Kade Coleman
Batting: SHB Cornell Payne 0-0: Foul Ball, location: 2F
0-1: Foul Ball, location: 2F
0-2: Fly out, F5 (Flyball, 5D)
Batting: LHB Robbie Turner 0-0: Ground out 1-3 (Groundball, 13S)
Batting: LHB Pedro Juárez 0-0: Fly out, F5 (Popup, 5SF)
Bottom of the 1st over - 0 runs, 0 hits, 0 errors, 0 left on base; Key West 0 - Gainesville 0
TOP OF THE 2ND
Key West Barracudas batting - Pitching for Gainesville Guidos : RHP Rodney Hall
Batting: SHB Jacob Knapp 0-0: SINGLE (Line Drive, 6D)
Batting: RHB Jorge Hernández 0-0: Called Strike
0-1: Ball
1-1: Ball
2-1: Fielders Choice at 2nd, 4-6 (Groundball, 4M)
Batting: SHB Eric Pimentel 0-0: Ball
1-0: Foul Ball, location: 2F
1-1: Ground out 4-3 (Groundball, 34)
Jorge Hernández to second
Batting: LHB Juan Lima 0-0: Ball
1-0: SINGLE (Line Drive, 8RS)
Jorge Hernández to third
Runner from 3rd tries for Home, SAFE, throw made home
Batting: SHB Luis Manuel López 0-0: Ball
1-0: Swinging Strike
1-1: Called Strike
1-2: Ball
2-2: Strikes out swinging
Top of the 2nd over - 1 run, 2 hits, 0 errors, 1 left on base; Key West 1 - Gainesville 0
BOTTOM OF THE 2ND
Gainesville Guidos batting - Pitching for Key West Barracudas : RHP Kade Coleman
Batting: RHB Adrián López 0-0: Ball
1-0: Fly out, F7 (Flyball, 7)
Batting: SHB Kent Phillips 0-0: Fly out, F9 (Flyball, 9D)
Batting: SHB António Ramírez 0-0: Called Strike
0-1: Ground out U3 (Groundball, 3L)
Bottom of the 2nd over - 0 runs, 0 hits, 0 errors, 0 left on base; Key West 1 - Gainesville 0
TOP OF THE 3RD
Key West Barracudas batting - Pitching for Gainesville Guidos : RHP Rodney Hall
Batting: RHB Chris Adams 0-0: Foul Ball, location: 2F
0-1: Foul Ball, location: 2F
0-2: Strikes out looking
Batting: SHB José Espinoza 0-0: Called Strike
0-1: Ball
1-1: Ball
2-1: Called Strike
2-2: Foul Ball, location: 2F
2-2: Ball
3-2: Foul Ball, location: 2F
3-2: Strikes out swinging
Batting: SHB Héctor Jiménez 0-0: Fly out, F7 (Flyball, 78M)
Top of the 3rd over - 0 runs, 0 hits, 0 errors, 0 left on base; Key West 1 - Gainesville 0
BOTTOM OF THE 3RD
Gainesville Guidos batting - Pitching for Key West Barracudas : RHP Kade Coleman
Batting: SHB José Sousa 0-0: Foul Ball, location: 2F
0-1: Foul Ball, location: 2F
0-2: Ball
1-2: Fly out, F9 (Flyball, 9S)
Batting: RHB Craig Chapman 0-0: Swinging Strike
0-1: Ball
1-1: Foul Ball, location: 2F
1-2: Strikes out looking
Batting: RHB Mark McDonald 0-0: Ball
1-0: Swinging Strike
1-1: Foul Ball, location: 2F
1-2: Strikes out swinging
Bottom of the 3rd over - 0 runs, 0 hits, 0 errors, 0 left on base; Key West 1 - Gainesville 0
TOP OF THE 4TH
Key West Barracudas batting - Pitching for Gainesville Guidos : RHP Rodney Hall
Batting: SHB Júlio Ayala 0-0: Called Strike
0-1: Ball
1-1: Foul Ball, location: 2F
1-2: Strikes out swinging
Batting: SHB Jacob Knapp 0-0: Foul Ball, location: 2F
0-1: Foul Ball, location: 2F
0-2: Strikes out looking
Batting: RHB Jorge Hernández 0-0: Hit by Pitch
Batting: SHB Eric Pimentel 0-0: Fielders Choice at 2nd, 6-4 (Groundball, 6)
Top of the 4th over - 0 runs, 0 hits, 0 errors, 1 left on base; Key West 1 - Gainesville 0
BOTTOM OF THE 4TH
Gainesville Guidos batting - Pitching for Key West Barracudas : RHP Kade Coleman
Batting: SHB Cornell Payne 0-0: Ball
1-0: Called Strike
1-1: SINGLE (Flyball, 9LS)
Batting: LHB Robbie Turner 0-0: Foul Ball, location: 2F
0-1: Called Strike
0-2: Fly out, F7 (Flyball, 78S)
Batting: LHB Pedro Juárez 0-0: Ball
1-0: Swinging Strike
1-1: Called Strike
1-2: Ball
2-2: Ball
3-2: Fly out, F6 (Popup, 6MS)
Batting: RHB Adrián López 0-0: Ball
1-0: Ball
2-0: Foul Ball, location: 2F
2-1: Fielders Choice at 2nd, 6-4 (Groundball, 6)
Bottom of the 4th over - 0 runs, 1 hit, 0 errors, 1 left on base; Key West 1 - Gainesville 0
TOP OF THE 5TH
Key West Barracudas batting - Pitching for Gainesville Guidos : RHP Rodney Hall
Batting: LHB Juan Lima 0-0: Foul Ball, location: 2F
0-1: Ball
1-1: Ball
2-1: Fly out, F5 (Popup, 5SF)
Batting: SHB Luis Manuel López 0-0: SINGLE (Groundball, 5D)
Batting: RHB Chris Adams 0-0: Called Strike
0-1: Foul Ball, location: 2F
0-2: Strikes out looking
Batting: SHB José Espinoza 0-0: Ball
1-0: Called Strike
1-1: Ball
2-1: Foul Ball, location: 2F
2-2: Fly out, F8 (Flyball, 8RS)
Top of the 5th over - 0 runs, 1 hit, 0 errors, 1 left on base; Key West 1 - Gainesville 0
BOTTOM OF THE 5TH
Gainesville Guidos batting - Pitching for Key West Barracudas : RHP Kade Coleman
Batting: SHB Kent Phillips 0-0: Swinging Strike
0-1: Ball
1-1: Foul Ball, location: 2F
1-2: Ball
2-2: Fly out, F8 (Flyball, 78D)
Batting: SHB António Ramírez 0-0: Called Strike
0-1: Foul Ball, location: 2F
0-2: Ground out 5-3 (Groundball, 5)
Batting: SHB José Sousa 0-0: Foul Ball, location: 2F
0-1: Foul Ball, location: 2F
0-2: Fly out, F8 (Flyball, 8LM)
Bottom of the 5th over - 0 runs, 0 hits, 0 errors, 0 left on base; Key West 1 - Gainesville 0
TOP OF THE 6TH
Key West Barracudas batting - Pitching for Gainesville Guidos : RHP Rodney Hall
Batting: SHB Héctor Jiménez 0-0: SINGLE (Line Drive, 9LS)
Batting: SHB Júlio Ayala 0-0: Ball
1-0: DOUBLE (Line Drive, 7LD)
Héctor Jiménez to third
Batting: SHB Jacob Knapp 0-0: Intentional Walk
Batting: RHB Jorge Hernández 0-0: Ball
1-0: Ball
2-0: SINGLE (Groundball, 6MD)
Héctor Jiménez scores
Júlio Ayala to third
Jacob Knapp to second
Runner from 3rd tries for Home, SAFE, no throw
Batting: SHB Eric Pimentel 0-0: Ball
1-0: Ball
2-0: Grounds into double play, 4-6-3 (Groundball, 4)
Jacob Knapp to third
Batting: LHB Juan Lima 0-0: Called Strike
0-1: Ground out 1-3 (Groundball, 15)
Top of the 6th over - 2 runs, 3 hits, 0 errors, 1 left on base; Key West 3 - Gainesville 0
BOTTOM OF THE 6TH
Gainesville Guidos batting - Pitching for Key West Barracudas : RHP Kade Coleman
Batting: RHB Craig Chapman 0-0: Ball
1-0: Foul Ball, location: 2F
1-1: Fly out, F7 (Line Drive, 78M)
Batting: RHB Mark McDonald 0-0: Foul Ball, location: 2F
0-1: Fly out, F5 (Popup, 25F)
Batting: SHB Cornell Payne 0-0: Called Strike
0-1: Fly out, F5 (Line Drive, 5S)
Bottom of the 6th over - 0 runs, 0 hits, 0 errors, 0 left on base; Key West 3 - Gainesville 0
TOP OF THE 7TH
Key West Barracudas batting - Pitching for Gainesville Guidos : RHP Rodney Hall
Batting: SHB Luis Manuel López 0-0: Ball
1-0: Foul Ball, location: 2F
1-1: Ball
2-1: Swinging Strike
2-2: Strikes out swinging
Batting: RHB Chris Adams 0-0: Called Strike
0-1: Ball
1-1: Ball
2-1: Foul Ball, location: 2F
2-2: Strikes out swinging
Batting: SHB José Espinoza 0-0: Called Strike
0-1: Swinging Strike
0-2: Foul Ball, location: 2F
0-2: Ball
1-2: Ball
2-2: Foul Ball, location: 2F
2-2: Ball
3-2: Strikes out swinging
Top of the 7th over - 0 runs, 0 hits, 0 errors, 0 left on base; Key West 3 - Gainesville 0
BOTTOM OF THE 7TH
Gainesville Guidos batting - Pitching for Key West Barracudas : RHP Kade Coleman
Batting: LHB Robbie Turner 0-0: Called Strike
0-1: Called Strike
0-2: SINGLE (Groundball, 6M) (infield hit)
Batting: LHB Pedro Juárez 0-0: Ball
1-0: Ball
2-0: Called Strike
2-1: Ball
3-1: Fly out, F7 (Flyball, 78S)
Batting: RHB Adrián López 0-0: Ball
1-0: Called Strike
1-1: Ball
2-1: Fly out, F7 (Flyball, 7LDF)
Batting: SHB Kent Phillips 0-0: Called Strike
0-1: Foul Ball, location: 2F
0-2: Strikes out swinging
Bottom of the 7th over - 0 runs, 1 hit, 0 errors, 1 left on base; Key West 3 - Gainesville 0
TOP OF THE 8TH
Key West Barracudas batting - Pitching for Gainesville Guidos : RHP Rodney Hall
Pitching: LHP Kelly Henry
Batting: SHB Héctor Jiménez 0-0: Foul Ball, location: 2F
0-1: Called Strike
0-2: Strikes out swinging
Batting: SHB Júlio Ayala 0-0: Called Strike
0-1: Foul Ball, location: 2F
0-2: Strikes out looking
Batting: SHB Jacob Knapp 0-0: Foul Ball, location: 2F
0-1: Ball
1-1: DOUBLE (Line Drive, 7LM)
Batting: RHB Jorge Hernández 0-0: Foul Ball, location: 2F
0-1: Ball
1-1: Foul Ball, location: 2F
1-2: Ball
2-2: Strikes out swinging
Top of the 8th over - 0 runs, 1 hit, 0 errors, 1 left on base; Key West 3 - Gainesville 0
BOTTOM OF THE 8TH
Gainesville Guidos batting - Pitching for Key West Barracudas : RHP Kade Coleman
Batting: SHB António Ramírez 0-0: Ball
1-0: SINGLE (Groundball, 34D)
Batting: SHB José Sousa 0-0: Foul Ball, location: 2F
0-1: Foul Ball, location: 2F
0-2: Strikes out swinging
Batting: RHB Craig Chapman 0-0: Called Strike
0-1: Ball
1-1: Ball
2-1: Grounds into double play, 4-6-3 (Groundball, 4)
Bottom of the 8th over - 0 runs, 1 hit, 0 errors, 0 left on base; Key West 3 - Gainesville 0
TOP OF THE 9TH
Key West Barracudas batting - Pitching for Gainesville Guidos : LHP Kelly Henry
Batting: SHB Eric Pimentel 0-0: Called Strike
0-1: Called Strike
0-2: Ball
1-2: SINGLE (Flyball, 8RS)
Batting: LHB Juan Lima 0-0: Ball
1-0: Called Strike
1-1: Sac Bunt - play at first, batter OUT! 5-4
Eric Pimentel to second
Batting: SHB Luis Manuel López 0-0: Called Strike
0-1: Ball
1-1: Ground out 6-3 (Groundball, 6M)
Eric Pimentel to third
Batting: RHB Chris Adams 0-0: Foul Ball, location: 2F
0-1: Ground out 6-3 (Groundball, 6)
Top of the 9th over - 0 runs, 1 hit, 0 errors, 1 left on base; Key West 3 - Gainesville 0
BOTTOM OF THE 9TH
Gainesville Guidos batting - Pitching for Key West Barracudas : RHP Kade Coleman
Pitching: RHP Gerald Núñez
Batting: RHB Mark McDonald 0-0: Ground out 4-3 (Groundball, 4)
Batting: SHB Cornell Payne 0-0: Called Strike
0-1: Foul Ball, location: 2F
0-2: Ball
1-2: Strikes out swinging
Pitching: RHP Gabe Lewis
Batting: LHB Robbie Turner 0-0: Ball
1-0: Foul Ball, location: 2F
1-1: SINGLE (Groundball, 3D)
Batting: LHB Pedro Juárez 0-0: Ball
1-0: Called Strike
1-1: Swinging Strike
1-2: Strikes out looking
Bottom of the 9th over - 0 runs, 1 hit, 0 errors, 1 left on base; Key West 3 - Gainesville 0
Saturday, December 16th, 2017 - OOTP Baseball 18.8 Build 76